 Dungeon Crawl Stone Soup version 0.20-a0-61-ga1b20b4 (webtiles) character file.

417 KristoblXynda the Sneak (level 6, -4/56 HPs)
             Began as a Naga Monk on Nov 17, 2016.
             Slain by KristoblXynda's ghost (6 damage)
             ... on level 4 of the Dungeon.
             The game lasted 00:10:45 (4745 turns).

KristoblXynda the Sneak (Naga Monk)                 Turns: 4745, Time: 00:10:46

Health: -4/56      AC:  3    Str: 15    XL:     6   Next: 93%
Magic:  6/6        EV: 11    Int: 11    God:
Gold:   168        SH:  0    Dex: 13    Spells: 0 memorised, 5 levels left

rFire  . . .     SeeInvis +     a - +1 spear
rCold  . . .     Gourm    .     b - +0 robe
rNeg   + . .     Faith    .     (no shield)
rPois  +         Spirit   .     (no helmet)
rElec  .         Reflect  .     (no cloak)
rCorr  .         Harm     .     (no gloves)
MR     .....                    (no barding)
Stlth  +++.......               (no amulet)
                                i - ring of positive energy
                                (no ring)

@: very slightly contaminated, very slow
A: see invisible, deformed body, poison resistance, slowness 2, slow metabolism
1, spit poison 1, AC +2
a: Spit Poison


You were on level 4 of the Dungeon.
You were hungry.

You visited 1 branch of the dungeon, and saw 4 of its levels.

You collected 168 gold pieces.

Inventory:

Hand Weapons
 a - a +1 spear (weapon)
Armour
 b - a +0 robe (worn)
Jewellery
 i - a ring of positive energy (right hand)
Wands
 o - a wand of hasting (1/9)
Scrolls
 d - a scroll of magic mapping
 e - 2 scrolls of blinking
 k - a scroll of amnesia
Comestibles
 c - 4 bread rations
 h - 2 meat rations
 l - a fruit


   Skills:
 - Level 3.0 Fighting
 + Level 4.8 Polearms
 + Level 4.2 Dodging
 + Level 6.7 Stealth


You had 5 spell levels left.
You didn't know any spells.

Dungeon Overview and Level Annotations

Branches:
Dungeon (4/15)
 Temple: D:4-7

Altars:

Annotations:
D:4 KristoblXynda's ghost, amateur NaFi


Innate Abilities, Weirdness & Mutations

You cannot wear boots.
Your serpentine skin is tough. (AC +2)
You have supernaturally acute eyesight. (SInv)
Armour fits poorly on your strangely shaped body.
Your system is resistant to poisons. (rPois)
You cover ground very slowly.
You have a slow metabolism.
You can spit poison.


Message History

* * * LOW HITPOINT WARNING * * *
You completely miss KristoblXynda's ghost.
KristoblXynda's ghost is almost destroyed.
You feel yourself slow down.
It was a potion of ambrosia.
You are confused.
You feel invigorated. KristoblXynda's ghost hits you.
* * * LOW HITPOINT WARNING * * *
Unknown command.
You bump into the rock wall.
KristoblXynda's ghost hits you!
* * * LOW HITPOINT WARNING * * *
You're too confused to move!
You feel less invigorated.
You feel less confused.
The orc shouts!
KristoblXynda's ghost hits you!
* * * LOW HITPOINT WARNING * * *
You barely miss KristoblXynda's ghost.
KristoblXynda's ghost is almost destroyed.
KristoblXynda's ghost hits you.
You die...

......####### #.....#,*,**
............## #.....#,,,,,
......#####..# #.....,.,,**
####### ##[#########....,.##***
#....# #..#......#.#[#...,,,*
#.##.########.#......#.#.#.####,*
.....)...)...)..).....))..>...#,*
...##########.#........#.#....#,*
##.# #..W@.....o....#..#,,
##'###########.######..#.##...#,*
............##..# #.........#,,
#...........###(# ###.#####.###,,
#.....>.....# #.###.......#.# *,,
#...........# #..##.#.###.#.# *,,
############# ##.##.#.# #.#.# *,,
..# ######(##.#.# #...# *** ..#
#.........#.# #####


You could see KristoblXynda's ghost and an orc.

Vanquished Creatures
  A sky beast (D:4)
  An ogre (D:4)
  An iguana (D:3)
  An orc wizard (D:4)
  5 adders
  2 oozes (D:3)
  6 worms
  3 dart slugs
  A leopard gecko (D:1)
  8 orcs
  4 giant cockroaches
  12 goblins
  14 hobgoblins
  4 jackals
  10 kobolds
  A quokka (D:4)
  2 ball pythons
  8 bats
  6 frilled lizards
  15 rats
105 creatures vanquished.

Notes
Turn   | Place    | Note
-------+----------+-------------------------------------------
     0 | D:1      | KristoblXynda the Naga Monk began the quest for the Orb.
     0 | D:1      | Reached XP level 1. HP: 21/21 MP: 1/1
   356 | D:1      | Reached XP level 2. HP: 14/28 MP: 2/2
  1060 | D:1      | Reached XP level 3. HP: 28/34 MP: 3/3
  1515 | D:2      | Reached skill level 4 in Stealth
  1870 | D:2      | Reached XP level 4. HP: 42/42 MP: 4/4
  2421 | D:2      | HP: 2/42 [rat (2)]
  3434 | D:3      | Reached XP level 5. HP: 49/49 MP: 5/5
  3458 | D:3      | Reached skill level 5 in Stealth
  4038 | D:4      | Noticed a sky beast
  4059 | D:4      | Killed a sky beast
  4059 | D:4      | Reached skill level 6 in Stealth
  4059 | D:4      | Reached XP level 6. HP: 24/56 MP: 6/6
  4411 | D:4      | Noticed KristoblXynda's ghost (amateur NaFi)
  4744 | D:4      | HP: 1/56 [KristoblXynda's ghost (7)]
  4745 | D:4      | Slain by KristoblXynda's ghost

Vault maps used:
D:1:      dpeg_arrival_subterranean_lakeside_camping
D:2:      first_bread, minmay_octomino_c4

Skill      XL: |  1  2  3  4  5  6 |
---------------+-------------------+-----
Dodging        | 3 4 |  4.2
Stealth        | 4 6 |  6.7
Polearms       | 4 |  4.8
Fighting       | |  3.0

Action                   |  1- 3 |  4- 6 || total
-------------------------+-------+-------++-------
Melee: Spear             |   113 |   266 ||   379
Throw: Javelin           |       |     7 ||     7
       Throwing net      |       |     1 ||     1
 Abil: Spit Poison       |    11 |    42 ||    53
Evoke: Wand              |       |     1 ||     1
  Use: Potion            |     1 |     2 ||     3
       Scroll            |       |    11 ||    11
 Stab: Sleeping          |     5 |     4 ||     9
       Held in net/web   |       |     1 ||     1
  Eat: Chunk             |     2 |     9 ||    11
       Fruit             |       |     1 ||     1
Armor: Robe              |    13 |    45 ||    58
Dodge: Dodged            |    51 |   124 ||   175
